 Dungeon Crawl Stone Soup version 0.23-a0-141-g456867d (webtiles) character file.

280 Moebius the Poker (level 6, -6/56 HPs)
             Began as a Hill Orc Monk on Aug 31, 2018.
             Was a Follower of Beogh.
             Mangled by Ampheric2's ghost (15 damage)
             ... on level 4 of the Dungeon.
             The game lasted 00:17:54 (4639 turns).

Moebius the Poker (Hill Orc Monk)                   Turns: 4639, Time: 00:17:55

Health: -6/56      AC:  4    Str: 14    XL:     6   Next: 27%
Magic:  7/7        EV: 12    Int: 11    God:    Beogh [*.....]
Gold:   118        SH:  0    Dex: 16    Spells: 5/5 levels left

rFire    . . .     SeeInvis .   a - +0 spear
rCold    . . .     Gourm    .   (no shield)
rNeg     . . .     Faith    .   f - +0 leather armour
rPois    .         Spirit   .   (no helmet)
rElec    .         Reflect  .   (no cloak)
rCorr    .         Harm     .   g - +0 pair of gloves
MR       .....                  (no boots)
Stlth    ++........             (no amulet)
HPRegen  0.18/turn              s - +2 ring of dexterity
MPRegen  0.10/turn              (no ring)

@: no status effects
A: no striking features
a: Renounce Religion


You were on level 4 of the Dungeon.
You worshipped Beogh.
Beogh was aware of your devotion.
You were hungry.

You visited 1 branch of the dungeon, and saw 5 of its levels.

You collected 118 gold pieces.

Inventory:

Hand Weapons
 a - a +0 spear (weapon)
 k - a +1 hand crossbow
 p - a +0 hand axe of freezing
Missiles
 d - 38 bolts
 e - 133 stones
 j - 13 poisoned needles
 u - 2 throwing nets (quivered)
Armour
 b - a +0 robe
 f - a +0 leather armour (worn)
 g - a +0 pair of gloves (worn)
Jewellery
 h - an uncursed ring of magical power
 s - a +2 ring of dexterity (left hand)
Scrolls
 l - 2 scrolls of identify
 m - 2 scrolls of amnesia
 o - a scroll of teleportation
 t - a scroll of fear
 v - a scroll of blinking {unknown}
Potions
 i - a potion of cancellation
 n - 2 potions of degeneration {unknown}
 r - 2 potions of flight {unknown}
Comestibles
 c - 7 rations


   Skills:
 + Level 5.3 Fighting
 + Level 5.3 Polearms
 + Level 0.1 Crossbows
 + Level 2.8 Armour
 - Level 2.4 Dodging
 - Level 1.5 Stealth
 * Level 2.1 Invocations


You had 5 spell levels left.
You didn't know any spells.
Your spell library was empty.

Dungeon Overview and Level Annotations

Branches:
Dungeon (5/15)
 Temple: D:4-7

Altars:
Fedhas
Ru
Vehumet

Annotations:
D:4 Ampheric2's ghost, amateur MiBe; Dowan; Duvessa; Sigmund


Message History

Ampheric2's ghost is lightly damaged.
You hit Ampheric2's ghost but do no damage.
Ampheric2's ghost is lightly damaged.
Ampheric2's ghost hits you.
You hit Ampheric2's ghost but do no damage.
Ampheric2's ghost is lightly damaged.
Ampheric2's ghost hits you.
You are electrocuted!
* * * LOW HITPOINT WARNING * * *
You can't go up here!
Ampheric2's ghost screams, "Zot is a myth, the ORB is a fable, you'll soon be a Ampheric2's ghost barely misses you.
You climb downwards.
Level annotation: Dowan; Duvessa; Sigmund
There is a stone staircase leading up here.
Okay, then.
There is a stone staircase leading down here.
Ampheric2's ghost hits you.
* * * LOW HITPOINT WARNING * * *
You are electrocuted!
You die...

###.....### #........
###.......# #........#
#.........# ##.......
#..........# #.....# #
#..........###### #.... ###
................####### #..###..
##....................####.##...
##............................#
#......#....W@.............###
#.....##...................##
#...## ##.#############.....##
#### #.. #....... #..# ##.......
##.# ##........ #.........
#......... #.........


You could see Ampheric2's ghost.

Vanquished Creatures
  A howler monkey (D:5)
  A bullfrog zombie (D:3)
  A hound (D:4)
  A worker ant zombie (D:3)
  7 adders
  4 gnolls (D:3)
  An adder skeleton (D:3)
  3 worms
  A dart slug (D:2)
  3 leopard geckos
  2 ball pythons (D:3)
  3 giant cockroaches
  6 goblins
  5 hobgoblins
  2 quokkas
  8 bats
  5 frilled lizards
  7 kobolds
  8 rats
69 creatures vanquished.

Notes
Turn   | Place    | Note
-------+----------+-------------------------------------------
     0 | D:1      | Moebius the Hill Orc Monk began the quest for the Orb.
     0 | D:1      | Reached XP level 1. HP: 19/19 MP: 1/1
   345 | D:1      | Reached XP level 2. HP: 27/27 MP: 2/2
  1185 | D:2      | Reached XP level 3. HP: 29/34 MP: 3/3
  1415 | D:2      | Found a blossoming altar of Fedhas.
  1484 | D:2      | Reached skill level 1 in Armour
  1767 | D:2      | Reached XP level 4. HP: 27/41 MP: 4/4
  2342 | D:2      | Found a radiant altar of Vehumet.
  2908 | D:4      | Noticed Dowan
  2910 | D:4      | Noticed Duvessa
  3025 | D:3      | Reached XP level 5. HP: 26/47 MP: 5/5
  3049 | D:3      | Found a runed gate.
  3049 | D:3      | Found a runed gate.
  3049 | D:3      | Found a runed gate.
  3052 | D:3      | Noticed Ampheric2's ghost (amateur MiBe)
  3634 | D:3      | Reached skill level 5 in Fighting
  3726 | D:3      | Became a worshipper of Beogh the Brigand
  3726 | D:3      | Reached * piety under Beogh
  3726 | D:3      | Reached ** piety under Beogh
  3785 | D:4      | Noticed Sigmund
  3811 | D:4      | Found a sacrificial altar of Ru.
  3861 | D:5      | Entered Level 5 of the Dungeon
  4156 | D:5      | Reached skill level 5 in Polearms
  4156 | D:5      | Reached skill level 1 in Invocations
  4175 | D:4      | Reached XP level 6. HP: 17/56 MP: 5/7
  4639 | D:4      | Mangled by Ampheric2's ghost

Vault maps used:
D:1:      minmay_arrival_up_and_down, corexii_corridor_pit
D:2:      vehumet_crystals, old_standard_altar, first_ration
D:3:      gammafunk_ghost_necromancy
D:4:      nicolae_ossuary_entry_false_entrances, serial_glass, glass_columns_b,
          glass_columns_c, hangedman_ru_absence, uniq_sigmund, uniq_duvessa,
          uniq_natasha, uniq_eustachio
D:5:      uniq_menkaure, uniq_ijyb

Skill      XL: |  1  2  3  4  5  6 |
---------------+-------------------+-----
Fighting       | 4 5 |  5.3
Polearms       | 4 5 |  5.3
Armour         | 1 2 |  2.8
Invocations    | 1 2 |  2.1
Crossbows      | |  0.1
Dodging        | |  2.4
Stealth        | |  1.5

Action                   |  1- 3 |  4- 6 || total
-------------------------+-------+-------++-------
Melee: Spear             |   166 |   231 ||   397
 Fire: Hand crossbow     |       |     1 ||     1
Throw: Stone             |       |     1 ||     1
Invok: Smiting           |       |     2 ||     2
       Convert to Beogh  |       |     1 ||     1
  Use: Scroll            |     4 |     3 ||     7
       Potion            |     6 |     1 ||     7
 Stab: Sleeping          |     6 |     1 ||     7
  Eat: Chunk             |     2 |     6 ||     8
       Ration            |       |     1 ||     1
Armor: Leather armour    |    25 |    40 ||    65
Dodge: Dodged            |    65 |    87 ||   152

Table legend:
 A = Non-vault XP
 B = Vault XP
 C = Vault XP percentage of total XP
 D = Non-vault monster count
 E = Vault monster count
 F = Vault count percentage of total count
                 A         B        C        D         E       F
            +---------+---------+-------+---------+---------+-------
      Total |     338 |      62 |  15.5 |      67 |       2 |   2.9
            +---------+---------+-------+---------+---------+-------
        D:1 |      22 |       0 |   0.0 |      16 |       0 |   0.0
        D:2 |     100 |       0 |   0.0 |      26 |       0 |   0.0
        D:3 |     104 |      62 |  37.3 |      19 |       2 |   9.5
        D:4 |      61 |       0 |   0.0 |       5 |       0 |   0.0
        D:5 |      51 |       0 |   0.0 |       1 |       0 |   0.0
            +---------+---------+-------+---------+---------+-------
